 Dungeon Crawl Stone Soup version 0.21-a0-193-g085b6a0 (webtiles) character file.

29990 Helio the Unseen (level 13, 0/65 (67) HPs)
             Began as a Spriggan Enchanter on Aug 14, 2017.
             Was a High Priest of Dithmenos.
             Slain by a cyan ugly thing (16 damage)
             ... on level 13 of the Dungeon.
             The game lasted 00:52:23 (21553 turns).

Helio the Unseen (Spriggan Enchanter)              Turns: 21553, Time: 00:52:24

HP:   0/65 (67)     AC:  5    Str:  7    XL:     13   Next: 18%
MP:   23/29         EV: 29    Int: 22    God:    Dithmenos [*****.]
Gold: 334           SH:  2    Dex: 20    Spells: 20/34 levels left

rFire    . . .     SeeInvis +   a - +4 dagger (drain)
rCold    . . .     Gourm    .   (shield restricted)
rNeg     . . .     Faith    .   b - +1 robe
rPois    +         Spirit   .   i - +2 hat
rElec    .         Reflect  +   (no cloak)
rCorr    .         Harm     .   (gloves unavailable)
MR       ++...                  (boots unavailable)
Stlth    ++++++++++             D - +2 amulet of reflection
HPRegen  0.20/turn              l - +3 ring of dexterity
MPRegen  0.21/turn              h - ring of poison resistance

@: wreathed by umbra, very quick
A: unfitting armour, see invisible, clever 2, herbivore 3, speed 3, slow
metabolism 2
a: Shadow Step, Shadow Form, Renounce Religion


You were on level 13 of the Dungeon.
You worshipped Dithmenos.
Dithmenos was extremely pleased with you.
You were not hungry.

You visited 1 branch of the dungeon, and saw 14 of its levels.

You collected 777 gold pieces.
You spent 443 gold pieces at shops.

Inventory:

Hand Weapons
 a - a +4 dagger of draining (weapon)
 g - a +2 vampiric short sword
 t - the +7 dagger of Aciradon {pierce, *Noise Str+4 Int+3}
   (You bought it in a shop on level 8 of the Dungeon)

   It inflicts extra damage upon your enemies.
   It affects your strength (+4).
   It affects your intelligence (+3).
   It may make noises in combat.
 w - the +4 lajatang of Courage {drain, rF+++ rC- Int+2 SInv}
   (You found it on level 9 of the Dungeon)

   A truly terrible weapon, it drains the life of those it strikes.
   It affects your intelligence (+2).
   It renders you almost immune to fire.
   It makes you vulnerable to cold.
   It lets you see invisible.
Armour
 b - a +1 robe (worn)
 i - a +2 hat (worn)
Jewellery
 h - a ring of poison resistance (right hand)
 j - an uncursed ring of protection from cold
 l - a +3 ring of dexterity (left hand)
 q - an uncursed ring of flight
 D - a +2 amulet of reflection (around neck)
 I - an uncursed amulet of regeneration {unknown}
Wands
 c - a wand of paralysis (10/24)
 v - a wand of iceblast (8/15)
 y - a wand of lightning (5/15)
 C - a wand of iceblast (5/15)
 F - a wand of digging (16/24)
Scrolls
 f - 9 scrolls of remove curse
 k - a scroll of magic mapping
 s - a scroll of fog
 A - 3 scrolls of teleportation
Potions
 e - 6 potions of flight
 m - 2 potions of invisibility
 n - 3 potions of curing
 o - 2 potions of berserk rage
 p - 3 potions of mutation
 r - a potion of ambrosia
 z - 2 potions of heal wounds
 E - 3 potions of lignification
 G - a potion of haste
 H - 2 potions of brilliance {unknown}
Books
 x - a book of Minor Magic

   Spells                             Type                      Level
   a - Magic Dart                     Conjuration                  1
   b - Blink                          Translocation                2
   c - Call Imp                       Summoning                    2
   d - Slow                           Hexes                        2
   e - Conjure Flame                  Conjuration/Fire             3
   f - Mephitic Cloud                 Conjuration/Poison/Air       3
Comestibles
 d - 9 bread rations
 u - 19 fruits
 B - 2 royal jellies


   Skills:
 + Level 7.1 Fighting
 + Level 9.2 Short Blades
 + Level 12.0 Dodging
 + Level 17.1 Stealth
 + Level 11.3 Spellcasting
 + Level 11.7 Hexes


You had 20 spell levels left.
You knew the following spells:

 Your Spells              Type           Power        Failure   Level  Hunger
a - Ensorcelled Hibernat  Hex/Ice        #####.       1%          2    None
b - Corona                Hex            ######.      1%          1    None
c - Confuse               Hex            ######..     1%          3    None
d - Tukima's Dance        Hex            ######..     1%          3    None
e - Dazzling Spray        Conj/Hex       #####.       1%          3    None
f - Blink                 Tloc           N/A          8%          2    None


Dungeon Overview and Level Annotations

Branches:
Dungeon (14/15)            Temple (0/1) D:6            Lair (0/6) D:10
    Orc (0/2) D:9
 Vaults: D:13-14

Altars:
Ashenzari
Dithmenos
Gozag
Kikubaaqudgha
Nemelex Xobeh
Qazlal
Sif Muna
Vehumet
Xom

Shops:
D:8 ?(}?(:   D:9 [   D:12 *


Innate Abilities, Weirdness & Mutations

You are very small and have problems with some larger weapons.
You are too small for most types of armour.
You have supernaturally acute eyesight. (SInv)
You are a herbivore.
You cover ground extremely quickly.
You need consume almost no food.
Your mind is very acute. (Int +4)


Message History

Casting: Confuse
Confirm with . or Enter, or press ? or * to list all spells.
Aiming: Confuse
Press: ? - help, Shift-Dir - straight line, f/p - cyan ugly thing
Aim: a cyan ugly thing (umbra, chance to defeat MR: 60%)
The cyan ugly thing appears confused.
You are too injured to fight recklessly!
You are too injured to fight recklessly!
You are too injured to fight recklessly!
You barely miss the cyan ugly thing.
Your shadow hits the cyan ugly thing but does no damage.
The cyan ugly thing tail-slaps you but does no damage.
You barely miss the cyan ugly thing.
Your shadow barely misses the cyan ugly thing.
You hit the cyan ugly thing but do no damage.
Your shadow hits the cyan ugly thing but does no damage.
The cyan ugly thing tail-slaps you.
* * * LOW HITPOINT WARNING * * *
The cyan ugly thing shocks you!
You die...

.# #..# #.#
.##########..############.#######
.......).........................
.################...#########....
.# #...# #..## .# #...# #..#
.################...# #..#
....................#########..##
........>.......@..[<............
###########....u...[.)...........
#...[.........#########
#.............# #.............#
#.............#
###########.............#
........................#########
..........>....................).


You could see a cyan ugly thing (confused).

Vanquished Creatures
  3 hydras
  A centaur warrior (D:10)
  2 two-headed ogres (D:12)
  2 unseen horrors
  A wizard (D:13)
  11 ugly things
  A manticore (D:10)
  4 cyclopes
  3 centaur zombies
  3 gargoyles
  A kobold demonologist (D:11)
  A tengu conjurer (D:13)
  A queen bee (shapeshifter) (D:14)
  7 trolls
  8 slime creatures
  2 dream sheep (D:8)
  3 hippogriffs
  Sigmund (D:2)
  2 shadows
  A wyvern (D:8)
  2 hungry ghosts (D:8)
  13 yaks
  2 vampire mosquitoes (D:12)
  2 wargs (D:10)
  A water moccasin (D:7)
  11 orc warriors
  2 sky beasts
  3 ice beasts
  3 black bears
  A necrophage (D:11)
  2 phantoms
  10 ogres
  6 centaurs
  7 big kobolds
  Blork the orc (D:5)
  9 bullfrogs
  A wyvern zombie (D:12)
  A wyvern skeleton (D:6)
  A water moccasin zombie (D:11)
  5 scorpions
  12 killer bees
  8 wights
  9 howler monkeys
  7 crimson imps
  A bullfrog zombie (D:12)
  10 hounds
  7 jellies
  21 orc wizards
  10 orc priests
  3 bullfrog skeletons
  4 centaur skeletons
  3 iguanas
  Terence (D:3)
  8 worker ants
  A hound skeleton (D:8)
  2 gnolls (D:4)
  A worker ant zombie (D:8)
  13 adders
  3 shadow imps
  An ooze (D:2)
  4 adder skeletons
  An adder zombie (D:7)
  9 worms
  3 dart slugs
  A leopard gecko (D:3)
  65 orcs
  6 giant cockroaches
  5 goblins
  7 hobgoblins
  6 jackals
  25 kobolds
  6 quokkas
  3 ball pythons
  8 bats
  5 frilled lizards
  2 jackal skeletons
  2 jackal zombies
  2 leopard gecko skeletons
  A leopard gecko zombie (D:5)
  2 quokka zombies
  5 rats
434 creatures vanquished.

Vanquished Creatures (collateral kills)
  A gnoll (D:4)
  An orc (D:8)
2 creatures vanquished.

Vanquished Creatures (others)
  A human (D:7)
  An orc (D:3)
2 creatures vanquished.

Grand Total: 438 creatures vanquished

Notes
Turn   | Place    | Note
-------+----------+-------------------------------------------
     0 | D:1      | Helio the Spriggan Enchanter began the quest for the Orb.
     0 | D:1      | Reached XP level 1. HP: 9/9 MP: 5/5
   203 | D:1      | Reached XP level 2. HP: 11/13 MP: 5/7
   207 | D:1      | Learned a level 2 spell: Ensorcelled Hibernation
  1574 | D:2      | Reached XP level 3. HP: 10/16 MP: 3/9
  1579 | D:2      | Learned a level 3 spell: Confuse
  1583 | D:2      | Learned a level 3 spell: Tukima's Dance
  3270 | D:2      | Noticed Sigmund
  3290 | D:2      | Killed Sigmund
  3290 | D:2      | Reached skill level 5 in Spellcasting
  3290 | D:2      | Reached XP level 4. HP: 21/21 MP: 1/12
  3290 | D:2      | Reached XP level 5. HP: 24/24 MP: 1/13
  3889 | D:3      | Gained mutation: Your mind is acute. (Int +2) [potion of mutation]
  3889 | D:3      | Gained mutation: Your mind is very acute. (Int +4) [potion of mutation]
  3892 | D:3      | Reached skill level 5 in Stealth
  4275 | D:3      | Reached XP level 6. HP: 28/28 MP: 12/15
  4975 | D:3      | Noticed Terence
  5157 | D:3      | Killed Terence
  5157 | D:3      | Reached skill level 6 in Stealth
  5384 | D:3      | Learned a level 3 spell: Dazzling Spray
  5576 | D:3      | Reached skill level 7 in Stealth
  5706 | D:4      | Found a sparkling altar of Nemelex Xobeh.
  5940 | D:4      | Reached skill level 8 in Stealth
  6298 | D:4      | Reached XP level 7. HP: 29/32 MP: 8/16
  6471 | D:4      | Reached skill level 9 in Stealth
  6515 | D:4      | Reached skill level 10 in Stealth
  7056 | D:5      | Entered Level 5 of the Dungeon
  7075 | D:5      | Reached skill level 11 in Stealth
  7533 | D:5      | Found a shimmering altar of Xom.
  7533 | D:5      | Found a faded altar of an unknown god.
  7538 | D:5      | Found a faded altar of an unknown god.
  7540 | D:5      | Found a stormy altar of Qazlal.
  7541 | D:5      | Found a shattered altar of Ashenzari.
  7567 | D:5      | Reached XP level 8. HP: 36/36 MP: 17/17
  7611 | D:5      | Reached skill level 12 in Stealth
  8031 | D:5      | Found a sparkling altar of Nemelex Xobeh.
  8228 | D:5      | Noticed Blork the orc
  8230 | D:5      | Killed Blork the orc
  8314 | D:6      | Reached skill level 13 in Stealth
  8420 | D:6      | Reached skill level 1 in Fighting
  9275 | D:6      | Found a radiant altar of Vehumet.
  9279 | D:6      | Reached skill level 5 in Dodging
  9279 | D:6      | Reached XP level 9. HP: 42/42 MP: 19/19
  9302 | D:6      | Got a shimmering golden amulet
  9303 | D:6      | Identified the amulet "Beilio Tirow" {Inacc MR+} (You found it on level 6 of the Dungeon)
  9560 | D:6      | Found a staircase to the Ecumenical Temple.
 10164 | D:7      | Found an ancient bone altar of Kikubaaqudgha.
 10380 | D:7      | Found an opulent altar of Gozag.
 11475 | D:8      | Reached skill level 14 in Stealth
 11716 | D:8      | Found a deep blue altar of Sif Muna.
 11775 | D:8      | Found Bixkui's Magic Scroll Boutique.
 11778 | D:8      | Found Ralouh's Antique Weapon Boutique.
 11779 | D:8      | Found Aclack's Gadget Boutique.
 11780 | D:8      | Found Foxkagre's Magic Scroll Boutique.
 11783 | D:8      | Bought a scroll of brand weapon for 200 gold pieces
 11783 | D:8      | Bought a scroll of enchant weapon for 75 gold pieces
 11799 | D:8      | Bought an encrusted dagger for 168 gold pieces
 11799 | D:8      | Identified the +7 dagger of Aciradon {pierce, *Noise Str+4 Int+3} (You bought it in a shop on level 8 of the Dungeon)
 11883 | D:8      | Found Satuotij's Weapon Shop.
 11940 | D:8      | Found a shadowy altar of Dithmenos.
 11946 | D:8      | Became a worshipper of Dithmenos the Shadowed
 12199 | D:8      | Reached XP level 10. HP: 18/49 MP: 3/22
 12633 | D:8      | Found a deep blue altar of Sif Muna.
 12828 | D:8      | Found Fanunga's Book Boutique.
 13003 | D:8      | Reached skill level 5 in Short Blades
 13207 | D:8      | Noticed a three-headed hydra
 13211 | D:8      | Killed a three-headed hydra
 13371 | D:9      | Reached * piety under Dithmenos
 13375 | D:9      | Found Ziqafeux's Antique Armour Shop.
 13391 | D:9      | Got an ichor-stained lajatang
 13392 | D:9      | Identified the +4 lajatang of Courage {drain, rF+++ rC- Int+2 SInv} (You found it on level 9 of the Dungeon)
 13434 | D:9      | Found a staircase to the Orcish Mines.
 13928 | D:10     | Entered Level 10 of the Dungeon
 13942 | D:10     | Found a staircase to the Lair.
 14305 | D:10     | Reached ** piety under Dithmenos
 14305 | D:10     | Reached skill level 15 in Stealth
 14317 | D:10     | Noticed a manticore
 14623 | D:10     | Killed a manticore
 14848 | D:10     | Reached XP level 11. HP: 44/54 MP: 24/24
 15470 | D:10     | Reached *** piety under Dithmenos
 15620 | D:10     | Reached skill level 5 in Fighting
 15759 | D:10     | Noticed a centaur warrior
 15781 | D:10     | Killed a centaur warrior
 16384 | D:11     | Reached skill level 10 in Hexes
 16523 | D:11     | Reached **** piety under Dithmenos
 16736 | D:11     | Reached skill level 10 in Dodging
 16882 | D:11     | Learned a level 2 spell: Blink
 16959 | D:11     | Noticed a red ugly thing
 16974 | D:11     | Killed a red ugly thing
 17253 | D:12     | Reached XP level 12. HP: 58/58 MP: 26/26
 17556 | D:12     | Found Madakkim's General Store.
 17615 | D:12     | Reached skill level 10 in Spellcasting
 18182 | D:12     | Noticed a two-headed ogre
 18193 | D:12     | Killed a two-headed ogre
 18193 | D:12     | Reached skill level 16 in Stealth
 18412 | D:12     | Noticed a two-headed ogre
 18431 | D:12     | Killed a two-headed ogre
 19047 | D:13     | Reached ***** piety under Dithmenos
 19302 | D:13     | Noticed a five-headed hydra
 19341 | D:13     | Killed a five-headed hydra
 20682 | D:14     | Noticed a seven-headed hydra
 20689 | D:14     | Killed a seven-headed hydra
 20719 | D:14     | Reached XP level 13. HP: 65/65 MP: 7/29
 20756 | D:14     | Reached skill level 17 in Stealth
 21553 | D:13     | Slain by a cyan ugly thing

Vault maps used:
D:1:      minmay_arrival_stone_box
D:2:      nicolae_overflow_hidden_temple, uniq_sigmund
D:3:      first_bread, grunt_ministairs_7, serial_bayou_pond_e, uniq_terence
D:4:      nemelex_xobeh_ov_fountains_minmay, kennysheep_minor_cross
D:5:      chequers_temple_overflow_minitemple, basic_altar, uniq_blork_the_orc
D:6:      wad_guarded_room, vehumet_crystals, minmay_temple_entry_glass,
          supply_closet_lemuel
D:7:      grunt_gozag_statues, tgw_kikubaaqudgha
D:8:      kennysheep_mini_moat, grunt_dithmenos_shadows, serial_shops, shop,
          nicolae_shop_waterfront, hangedman_ranch, minmay_shop_grid_forest,
          lemuel_blue_sif_altar
D:9:      orc_0_dummy, serial_shops, shop
D:10:     erik_lair_orcish_takeover
D:12:     serial_shops, shop
D:14:     hangedman_vaults_entry_quadrant_bands, minmay_misc_feat_tower,
          patterned_corridor

Skill      XL: |  1  2  3  4  5  6  7  8  9 10 11 12 13 |
---------------+----------------------------------------+-----
Spellcasting   | 3 5 6 7 8 9 11 | 11.3
Hexes          | 4 6 7 9 10 11 | 11.7
Stealth        | 5 8 11 13 14 15 16 17 | 17.1
Fighting       | 1 3 4 5 7 |  7.1
Dodging        | 5 7 8 10 11 12 | 12.0
Short Blades   | 2 4 6 7 9 |  9.2

Action                   |  1- 3 |  4- 6 |  7- 9 | 10-12 | 13-15 || total
-------------------------+-------+-------+-------+-------+-------++-------
Melee: Dagger            |   132 |   113 |   450 |   849 |    69 ||  1613
 Cast: Corona            |     7 |     1 |     1 |       |       ||     9
       Ensorcelled Hiber |    26 |    40 |    56 |    62 |     3 ||   187
       Confuse           |     3 |    12 |    35 |    88 |    11 ||   149
       Dazzling Spray    |       |     1 |     9 |    19 |       ||    29
       Tukima's Dance    |       |       |     2 |       |       ||     2
Evoke: Wand              |       |     4 |       |       |       ||     4
  Use: Scroll            |     4 |     2 |     9 |     8 |       ||    23
       Potion            |       |     3 |     2 |       |       ||     5
 Stab: Sleeping          |    25 |    33 |    55 |    62 |     3 ||   178
       Confused          |     2 |     3 |    25 |    45 |     9 ||    84
       Distracted        |       |     2 |       |    10 |       ||    12
       Invisible         |       |     1 |     4 |    15 |       ||    20
  Eat: Royal jelly       |     1 |       |     3 |     5 |       ||     9
       Bread ration      |       |     1 |       |       |       ||     1
Armor: Robe              |    20 |    15 |    26 |    39 |     1 ||   101
Dodge: Dodged            |   103 |    77 |   300 |   762 |    27 ||  1269
Block: Other             |       |       |       |    11 |     1 ||    12
